 Dungeon Crawl Stone Soup version 0.24-b1 (webtiles) character file.

Game seed: 17323748062027850955, levelgen mode: deterministic

230 DasRunzen the Slasher (level 6, 0/37 HPs)
             Began as a Tengu Wanderer on Oct 13, 2019.
             Killed by divine providence
             ... invoked by an orc priest
              (14 damage)
             ... on level 3 of the Dungeon.
             The game lasted 00:04:11 (2517 turns).

DasRunzen the Slasher (Tengu Wanderer)              Turns: 2517, Time: 00:04:12

Health: 0/37       AC: 10    Str: 16    XL:     6   Next: 3%
Magic:  9/9        EV: 10    Int: 13    God:
Gold:   122        SH:  0    Dex: 11    Spells: 8/8 levels left

rFire    . . .     SeeInvis .   d - +1 falchion
rCold    . . .     Gourm    .   (no shield)
rNeg     . . .     Faith    .   b - +2 scale mail
rPois    .         Spirit   .   (helmet restricted)
rElec    .         Reflect  .   g - +0 cloak (curse)
rCorr    .         Harm     .   (no gloves)
MR       .....                  (boots unavailable)
Stlth    ..........             (no amulet)
HPRegen  0.12/turn              (no ring)
MPRegen  0.11/turn              (no ring)

@: no status effects
A: beak, talons 3, able to fly
a: Fly


You were on level 3 of the Dungeon.
You were not hungry.

You visited 1 branch of the dungeon, and saw 3 of its levels.

You collected 122 gold pieces.

Inventory:

Hand Weapons
 a - a +1 shortbow
 d - a +1 falchion (weapon)
Missiles
 c - 27 arrows
Armour
 b - a +2 scale mail (worn)
 g - a cursed +0 cloak (worn)
Wands
 l - a wand of flame (23)
Scrolls
 e - a scroll of identify
 n - a scroll of magic mapping
Potions
 h - 2 potions of curing
 i - a potion of haste {unknown}
 j - 2 potions of flight {unknown}
 k - 3 potions of mutation {unknown}
 m - a potion of heal wounds {unknown}
Comestibles
 f - 5 rations


   Skills:
 + Level 3.2 Fighting
 + Level 4.4 Long Blades
 - Level 1.0 Throwing
 + Level 4.4 Armour
 + Level 2.5 Dodging
 + Level 1.6 Spellcasting
 - Level 1.0 Evocations


You had 8 spell levels left.
You didn't know any spells.
Your spell library contained the following spells:

 Spells                   Type           Power        Failure   Level  Hunger
 Magic Dart               Conj           #...         65%         1    ##.....
 Blink                    Tloc           N/A          80%         2    ###....
 Call Imp                 Summ           #.......     80%         2    ###....
 Slow                     Hex            #.......     80%         2    ###....
 Conjure Flame            Conj/Fire      #.......     95%         3    ####...
 Mephitic Cloud           Conj/Pois/Air  #.......     95%         3    ####...


Dungeon Overview and Level Annotations

Branches:
Dungeon (3/15)

Altars:
Cheibriados
Qazlal

Annotations:
D:3 3 runed translucent doors, Masnef's ghost, weakling FeWz


Innate Abilities, Weirdness & Mutations

You have a beak for a mouth.
You have claws for feet.
You can fly continuously.


Message History

The orc priest invokes the aid of Beogh against you.
Beogh smites you!
You are too injured to fight recklessly!
You are too injured to fight recklessly!
Unknown command.
You are too injured to fight recklessly!
You closely miss the orc wizard.
The orc wizard hits you but does no damage.
The orc hits you but does no damage.
You closely miss the orc wizard.
The orc wizard hits you but does no damage.
The orc hits you but does no damage. The orc wizard barely misses you.
You hit the orc wizard.
The orc wizard is lightly wounded.
The orc closely misses you.
You riposte.
You hit the orc. Your kick misses the orc.
The orc is almost dead.
The orc priest mumbles some strange prayers to Beogh against you.
Beogh smites you!
You die...

.....# #.#.# .....#
#<#.# .....## #.#.###
....... ......#
#.##### #.#.#.# #
......# #.#.#.# .#
..###.####.#.#.###.#
...................##
#.###...........@o..#
#.###..#####.#.##oo##
...........#.#.# ..#
.......###.#.#.# ..#
#.###..# #.#.#.# ..#
#......# #.#.#.# ..#
#.###..# #.#.#.# ..#
#..##..# #.# # ..#
.......###.#.#


You could see an orc priest, an orc wizard and an orc.

Vanquished Creatures
  An ogre (D:2)
  Crazy Yiuf (D:2)
  Terence (D:2)
  4 adders
  An ooze (D:3)
  A worm (D:2)
  A dart slug (D:3)
  A leopard gecko (D:2)
  2 orcs (D:3)
  10 bats
  A giant cockroach (D:3)
  3 goblins (D:1)
  4 hobgoblins
  4 jackals
  4 kobolds
  A quokka (D:2)
  4 frilled lizards
  6 rats
50 creatures vanquished.

Vanquished Creatures (others)
  A jackal (D:3)
1 creature vanquished.

Grand Total: 51 creatures vanquished

Notes
Turn   | Place    | Note
-------+----------+-------------------------------------------
     0 | D:1      | DasRunzen the Tengu Wanderer began the quest for the Orb.
     0 | D:1      | DasRunzen set off with the following items: a +0 shortbow,
                  | a +2 scale mail, 27 arrows, a +0 falchion, a ration
     0 | D:1      | Reached XP level 1. HP: 12/12 MP: 2/2
    61 | D:1      | Reached XP level 2. HP: 9/17 MP: 3/3
   665 | D:1      | Reached skill level 1 in Dodging
  1073 | D:2      | Reached XP level 3. HP: 22/22 MP: 4/4
  1405 | D:2      | Noticed Terence
  1415 | D:2      | Killed Terence
  1415 | D:2      | Reached XP level 4. HP: 24/27 MP: 4/6
  1505 | D:2      | Noticed an ogre
  1509 | D:2      | Killed an ogre
  1509 | D:2      | Reached skill level 1 in Spellcasting
  1509 | D:2      | Gained mutation: You can fly continuously. [Tengu growth]
  1509 | D:2      | Reached XP level 5. HP: 12/32 MP: 7/7
  1707 | D:2      | Found a snail-covered altar of Cheibriados.
  2120 | D:2      | Found a runed translucent door.
  2121 | D:2      | Noticed Crazy Yiuf
  2129 | D:2      | Killed Crazy Yiuf
  2218 | D:3      | Found a runed translucent gate.
  2218 | D:3      | Noticed Masnef's ghost (weakling FeWz)
  2219 | D:3      | Found a runed translucent gate.
  2220 | D:3      | Found a runed translucent gate.
  2398 | D:3      | Found a stormy altar of Qazlal.
  2443 | D:3      | Reached XP level 6. HP: 37/37 MP: 9/9
  2517 | D:3      | Killed from afar by an orc priest

Skill      XL: |  1  2  3  4 |
---------------+-------------+-----
Dodging        | 1 2 |  2.5
Fighting       | 3 |  3.2
Long Blades    | 4 |  4.4
Armour         | 4 |  4.4
Spellcasting   | 1 |  1.6
Throwing       | |  1.0
Evocations     | |  1.0

Action                   |  1- 3 |  4- 6 || total
-------------------------+-------+-------++-------
Melee: Falchion          |    67 |    58 ||   125
       Peck              |    11 |    13 ||    24
       Kick              |    16 |    20 ||    36
  Use: Scroll            |     3 |     4 ||     7
  Eat: Chunk             |     1 |     4 ||     5
Armor: Scale mail        |    43 |    35 ||    78
Dodge: Dodged            |    51 |    29 ||    80
       Rpst.: Falchion   |    22 |    14 ||    36
